 Dungeon Crawl Stone Soup version 0.28-a0-861-ge64d6db94f (webtiles) character file.

Game seed: 12033216251340890167

196 bande the Skirmisher (level 5, 0/33 HPs)
             Began as a Gargoyle Fighter on Nov 15, 2021.
             Slain by an orc (4 damage)
             ... on level 3 of the Dungeon.
             The game lasted 00:04:04 (2279 turns).

bande the Skirmisher (Gargoyle Fighter)             Turns: 2279, Time: 00:04:05

Health: 0/33       AC: 16    Str: 21    XL:     5   Next: 75%
Magic:  5/5        EV:  6    Int:  8    God:
Gold:   140        SH:  4    Dex:  9    Spells: 4/4 levels left

rFire   . . .      SeeInvis .   a - +0 war axe (vorpal)
rCold   . . .      Faith    .   c - +0 buckler
rNeg    + . .      Spirit   .   h - +0 plate armour
rPois   ∞          Reflect  .   l - +0 helmet
rElec   +          Harm     .   (no cloak)
rCorr   .          Rampage  .   (no gloves)
Will    .....                   (no boots)
Stlth   ..........              (no amulet)
HPRegen 0.11/turn               (no ring)
MPRegen 0.09/turn               (no ring)

@: no status effects
A: sickness immunity, AC +4, negative energy resistance 1, electricity
resistance, torment resistance 1, petrification resistance
a: no special abilities


You were on level 3 of the Dungeon.
You visited 1 branch of the dungeon, and saw 3 of its levels.

You collected 140 gold pieces.

Inventory:

Hand Weapons
 a - a +0 vorpal war axe (weapon)
Armour
 c - a +0 buckler (worn)
 h - a +0 plate armour (worn)
 l - a +0 helmet (worn)
Jewellery
 j - a ring of protection from cold
Scrolls
 b - 2 scrolls of vulnerability {unknown}
 e - 2 scrolls of identify
 f - a scroll of noise {unknown}
 g - a scroll of enchant weapon {unknown}
 k - a scroll of summoning {unknown}
Potions
 d - 2 potions of might
 i - a potion of cancellation


   Skills:
 + Level 4.1 Fighting
 + Level 3.7 Axes
 + Level 4.0 Armour
 + Level 0.2 Dodging
 + Level 0.2 Stealth
 + Level 4.1 Shields


You had 4 spell levels left.
You didn't know any spells.
Your spell library was empty.

Dungeon Overview and Level Annotations

Branches:
Dungeon (3/15)

Altars:
Uskayaw

Shops:
D:1 *   D:2 [


Innate Abilities, Weirdness & Mutations

You are immune to sickness and miasma.
Your stone body is resilient. (AC +4)
You are immune to poison.
You resist negative energy. (rN+)
You are resistant to electric shocks. (rElec)
You are resistant to unholy torment.
You are immune to petrification.


Message History

You see here a +0 helmet.
l - a +0 helmet You start putting on your armour.
You continue putting on your +0 helmet. x4
You finish putting on your +0 helmet.
An orc wizard comes into view. It is wielding a +0 dagger.
The orc wizard shouts!
You hear a shout! x3
An orc wizard is nearby!
Found 10 gold pieces.
An orc comes into view. It is wielding a +0 trident.
An orc comes into view. It is wielding a +0 mace.
The orc shouts!
You hear a shout!
An orc priest comes into view. It is wielding a +0 mace.
A hobgoblin comes into view.
You slash the orc wizard!
The orc wizard is almost dead.
The orc hits you from afar with a +0 trident.
The orc priest calls down the wrath of Beogh upon you.
Beogh smites you! The orc wizard casts a spell at you.
The puff of flame hits you but does no damage.
You hit the orc wizard.
You kill the orc wizard!
You slash the orc!
You kill the orc!
The orc hits you but does no damage.
An orc comes into view. It is wielding a +0 whip.
You block the orc's attack.
The orc moves out of view.
An orc comes into view. It is wielding a +0 club.
Found 5 gold pieces.
The orc priest invokes the aid of Beogh against you.
Beogh smites you!
* * * LOW HITPOINT WARNING * * *
The orc closely misses you.
You hear a shout!
Things that are here:
a +0 dagger; a +0 robe
Okay, then.
The orc priest looks encouraged for a moment.
The orc hits you from afar with a +0 trident.
You die...

#.#...#.# ######
#..#.#._.#.# . #....#
#..#.#...#.# ..##....#
##..+.......+ ........
...####'####
#....####.........#
..##...o##...#######.#####
.......)..................
...oo..g.@................
..o.....$#####....##.#####
.......#.# #....##..# #
......$+.# #....###.# #
.......### ###......## #
$.##### #.......### ..
#.....#.... ##.....#....
..............


You could see an orc priest, 3 orcs and a hobgoblin.

Vanquished Creatures
  2 orc priests (D:2)
  An orc wizard (D:3)
  A gnoll (D:1)
  2 adders
  2 worms (D:2)
  A dart slug (D:2)
  4 orcs
  8 bats
  9 endoplasms
  2 giant cockroaches (D:1)
  4 goblins
  3 hobgoblins
  11 jackals
  4 kobolds
  2 quokkas
  5 ball pythons (D:1)
  4 frilled lizards (D:1)
  6 rats
71 creatures vanquished.

Notes
Turn   | Place    | Note
-------+----------+-------------------------------------------
     0 | D:1      | bande the Gargoyle Fighter began the quest for the Orb.
     0 | D:1      | Reached XP level 1. HP: 14/14 MP: 1/1
    23 | D:1      | Reached XP level 2. HP: 18/19 MP: 2/2
   154 | D:1      | Reached XP level 3. HP: 16/24 MP: 3/3
   708 | D:1      | Found Dishot's General Store.
  1223 | D:2      | Reached XP level 4. HP: 19/29 MP: 4/4
  1591 | D:2      | Reached XP level 5. HP: 30/33 MP: 5/5
  1879 | D:2      | Found Arorius's Antique Armour Emporium.
  2093 | D:3      | Found a faded altar of an unknown god.
  2240 | D:3      | Found a hide-covered altar of Uskayaw.
  2279 | D:3      | Slain by an orc

Illustrated notes

Levels and vault maps discovered:
D:1:      doesnt_arrival_eight_statues, layout_loops_cross, serial_shops,
          nicolae_shop_behind_doors, serial_park_tiny_2, minmay_tetromino_l2
D:2:      layout_rooms, serial_shops, shop
D:3:      layout_basic, zin_angel, mainiacjoe_overflow_six_doors_small,
          shapermc_ecumenical_altar_mp_vishouse, uniq_grinder

Skill      XL: |  1  2  3  4 |
---------------+-------------+-----
Axes           | 2 3 |  3.7
Fighting       | 4 |  4.1
Armour         | 4 |  4.0
Shields        | 4 |  4.1
Dodging        | |  0.2
Stealth        | |  0.2

Action                   |  1- 3 |  4- 6 || total
-------------------------+-------+-------++-------
Melee: War axe           |   113 |    73 ||   186
  Use: Scroll            |       |     4 ||     4
Armor: Scale mail        |    89 |       ||    89
       Plate armour      |    35 |    46 ||    81
Dodge: Dodged            |    70 |    24 ||    94
Block: Buckler           |    36 |    21 ||    57

Table legend: (Time is in decaauts)
 A = Elapsed time spent in this place.
 B = Non-inter-level travel time spent in this place.
 C = Inter-level travel time spent in this place.
 D = Time resting spent in this place.
 E = Time spent auto-exploring this place.
 F = Levels seen in this place.
 G = Mean time per level.
                   A        B        C        D        E       F      G
               +--------+--------+--------+--------+--------+-----+--------+
         Total |   2353 |   2345 |      8 |    610 |   1189 |   3 |  784.3 |
       Dungeon |   2353 |   2345 |      8 |    610 |   1189 |   3 |  784.3 |
               +--------+--------+--------+--------+--------+-----+--------+

Top non-repeatable levels by time:
     D:1: 1580 daAuts
     D:2: 519 daAuts
     D:3: 253 daAuts
